[Event "Almaty Open 2019"]
[Site "Almaty"]
[Date "2019.10.08"]
[Round "3.14"]
[White "Igen, Amir"]
[Black "Sisabayev, Kuanysh"]
[Result "0-1"]
[ECO "E12"]
[WhiteElo "1934"]
[BlackElo "2289"]
[Annotator "RC"]
[PlyCount "148"]
[EventDate "2019.10.07"]
[EventType "swiss"]
[EventCountry "KAZ"]
[SourceTitle "playchess.com"]
[Source "ChessBase"]
[SourceQuality "1"]
[TimeControl "5400+30"]

1. d4 Nf6 2. c4 e6 3. Nf3 b6 4. Bf4 Bb7 5. e3 Be7 6. Bd3 Nh5 7. Bg3 f5 8. Nc3 O-O 9. Qc2 g6 10. O-O-O d6 11. Rhg1 Nd7 12. Nd2 c5 13. f3 Nxg3 14. hxg3 cxd4 15. exd4 Bf6 16. Ne2 e5 17. dxe5 Nxe5 18. Nf4 Qd7 19. Kb1 Rac8 20. Qb3 Qf7 21. Be2 Nc6 22. Nd5 Bg7 23. Bd3 Na5 24. Qa3 Bxd5 25. cxd5 Qxd5 26. Ba6 Rc7 27. Ne4 Qe5 28. Nxd6 Qxg3 29. Nb5 Rcf7 30. Nd6 Rd7 31. Qb4 h5 32. Bb5 Rdd8 33. Qe1 Qh2 34. Qe6+ Kh7 35. Qe7 Qe5 36. Qxe5 Bxe5 37. Nc4 Nxc4 38. Bxc4 Bg3 39. Rxd8 Rxd8 40. Kc2 Kh6 41. Rd1 Rc8 42. Kd3 Kg5 43. b3 Re8 44. Rd2 Kf4 45. Bf7 Re3+ 46. Kd4 Be1 47. Rc2 h4 48. Bxg6 Re6 49. Bh7 Rd6+ 50. Kc4 Bd2 51. Kb5 Kg3 52. Bxf5 Kxg2 53. Ka6 Kxf3 54. Kxa7 Be3 55. Ka6 Kg3 56. a4 b5+ 57. Kb7 Rf6 58. Rc3 Rxf5 59. Rxe3+ Rf3 60. Re5 b4 61. a5 Rxb3 62. a6 h3 63. a7 h2 64. a8=Q h1=Q+ 65. Kb8 Qh8+ 66. Kb7 Qxa8+ 67. Kxa8 Kf4 68. Re1 Re3 69. Rb1 b3 70. Kb7 Ke4 71. Kb6 Kd4 72. Kb5 Kc3 73. Ka4 b2 74. Ka3 Kc2+ {[%emt 0:00:06] Rh1} 0-1